 Dungeon Crawl Stone Soup version 0.31-a0-609-g7bf6ffcfed (webtiles) character file.

Game seed: 14760932436389898175

284 rddays123 the Covered (level 6, 0/56 HPs)
             Began as a Minotaur Fighter on Aug 22, 2023.
             Was an Initiate of Okawaru.
             Slain by a gnoll sergeant
             ... wielding a +0 trident
              (8 damage)
             ... on level 4 of the Dungeon.
             The game lasted 00:06:29 (3640 turns).

rddays123 the Covered (Minotaur Fighter)            Turns: 3640, Time: 00:06:30

Health: 0/56       AC: 10    Str: 23    XL:     6   Next: 7%
Magic:  5/5        EV:  9    Int:  5    God:    Okawaru [......]
Gold:   150        SH:  4    Dex:  9    Spells: 5/5 levels left

rFire   . . .        a - +0 war axe
rCold   . . .        c - +0 buckler
rNeg    . . .        b - +0 scale mail
rPois   .            (helmet restricted)
rElec   .            (no cloak)
rCorr   .            (no gloves)
SInv    .            p - +2 pair of boots
Will    .....        (no amulet) Stlth
                     (no ring)
HPRegen 0.29/turn    (no ring)
MPRegen 0.09/turn

%: no passive effects
@: no status effects
A: horns 2, retaliatory headbutt
a: Renounce Religion


You were on level 4 of the Dungeon.
You worshipped Okawaru.
Okawaru was noncommittal.
You visited 1 branch of the dungeon, and saw 4 of its levels.

You collected 150 gold pieces.

Inventory:

Hand Weapons
 a - a +0 war axe (weapon)
Armour
 b - a +0 scale mail (worn)
 c - a +0 buckler (worn)
 p - a +2 pair of boots (worn)
Wands
 u - a wand of charming (6)
Scrolls
 e - 2 scrolls of noise {unknown}
 f - a scroll of enchant armour {unknown}
 j - 2 scrolls of fog {unknown}
 k - a scroll of summoning {unknown}
 m - a scroll of identify
 s - a scroll of enchant weapon {unknown}
 t - a scroll of teleportation {unknown}
 v - a scroll of amnesia {unknown}
 w - a scroll of immolation {unknown}
Potions
 d - a potion of might
 g - a potion of degeneration
 h - 2 potions of cancellation
 i - a potion of brilliance {unknown}
 l - a potion of enlightenment
 n - a potion of heal wounds {unknown}
 o - a potion of lignification {unknown}
 q - a potion of mutation {unknown}
 r - 2 potions of attraction {unknown}


   Skills:
 + Level 5.1 Fighting
 + Level 4.4 Axes
 + Level 5.2 Armour
 + Level 5.1 Shields


You had 5 spell levels left.
You didn't know any spells.
Your spell library contained the following spells:

 Spells                   Type           Power      Damage    Failure   Level
 Apportation              Tloc           0%         N/A       83%         1
 Necrotise                Necr           0%         1d4       83%         1
 Slow                     Hex            0%         N/A       83%         1
 Confusing Touch          Hex            0%         N/A       99%         3
 Vampiric Draining        Necr           0%         2d6       99%         3
 Volatile Blastmotes      Fire/Tloc      0%         2d10      99%         3
 Fulminant Prism          Conj/Hex       0%         3d5       100%        4
 Iskenderun's Mystic Bla  Conj/Tloc      0%         2d3       100%        4
 Summon Small Mammal      Summ           Unusable   N/A       N/A         1

Dungeon Overview and Level Annotations

Branches:
Dungeon (4/15)
 Temple: D:4-7

Altars:
Fedhas
Okawaru
Yredelemnul

Shops:
D:2 !   D:4 [


Innate Abilities, Weirdness & Mutations

You have a pair of horns on your head.
You reflexively headbutt those who attack you in melee.


Message History

The gnoll sergeant attacks as it pursues you!
The gnoll sergeant closely misses you.
The gnoll sergeant attacks as it pursues you!
The gnoll sergeant hits you but does no damage.
The gnoll sergeant attacks as it pursues you!
The gnoll sergeant hits you but does no damage.
You see here a +0 short sword.
The gnoll sergeant attacks as it pursues you!
The gnoll sergeant closely misses you.
The gnoll sergeant attacks as it pursues you!
The gnoll sergeant hits you but does no damage.
The gnoll sergeant attacks as it pursues you!
The gnoll sergeant hits you but does no damage.
The gnoll sergeant attacks as it pursues you!
The gnoll sergeant hits you from afar with a +0 trident!
The gnoll sergeant attacks as it pursues you!
The gnoll sergeant hits you but does no damage.
Things that are here:
a +0 war axe; an orc corpse The gnoll sergeant attacks as it pursues you!
The gnoll sergeant hits you from afar with a +0 trident!
The gnoll sergeant attacks as it pursues you!
The gnoll sergeant closely misses you.
The gnoll sergeant attacks as it pursues you!
The gnoll sergeant hits you from afar with a +0 trident!
* * * LOW HITPOINT WARNING * * *
The gnoll sergeant attacks as it pursues you!
You block the gnoll sergeant's attack.
Okay, then.
Okay, then.
The gnoll sergeant attacks as it pursues you!
The gnoll sergeant hits you but does no damage.
The gnoll sergeant attacks as it pursues you!
The gnoll sergeant hits you from afar with a +0 trident!
* * * LOW HITPOINT WARNING * * *
The gnoll sergeant attacks as it pursues you!
The gnoll sergeant closely misses you.
The gnoll sergeant attacks as it pursues you!
The gnoll sergeant hits you from afar with a +0 trident!
You die...

#######.#.....#.........#
#..).#.....#.......###
#.####g....#......## #.# #.#
#g.........### #.# #.#
#.....###### #.#
#.####.#.### #.# #....#g#.#
#.###)##.#.#.#
#.#......#@#)#
#.#.######.#.##############
#.#.......................#
##.###.####.##...#########.#
#.................#......#.#
#######.#.........#.#..#.#.#
#.#[.[......#<#....#.#
#.#.#####.#.#.####.#.# #.#.#
#.#.#<..รท[....


You could see a gnoll sergeant and 2 gnolls.

Vanquished Creatures
  A black bear (D:4)
  A gnoll (D:1)
  6 adders
  2 worms
  5 dart slugs
  6 orcs
  10 ball pythons
  4 bats
  9 endoplasms
  5 giant cockroaches
  10 goblins
  6 hobgoblins
  13 jackals
  6 kobolds
  4 quokkas
  4 frilled lizards
  4 rats
96 creatures vanquished.

Notes
Turn   | Place    | Note
-------+----------+-------------------------------------------
     0 | D:1      | rddays123 the Minotaur Fighter began the quest for the Orb.
     0 | D:1      | Reached XP level 1. HP: 19/19 MP: 0/0
   340 | D:1      | Reached XP level 2. HP: 26/27 MP: 1/1
   543 | D:1      | Reached XP level 3. HP: 32/33 MP: 2/2
  1154 | D:2      | Reached XP level 4. HP: 40/40 MP: 3/3
  1588 | D:2      | Found a faded altar of an unknown god.
  1835 | D:2      | Found Tagguhit's Distillery.
  2128 | D:3      | Found a basalt altar of Yredelemnul.
  2379 | D:3      | Reached XP level 5. HP: 47/47 MP: 4/4
  3157 | D:4      | Found an iron altar of Okawaru.
  3206 | D:4      | Became a worshipper of Warmaster Okawaru
  3232 | D:4      | Found Qatt's Armour Shop.
  3242 | D:4      | Noticed a black bear
  3251 | D:4      | Killed a black bear
  3252 | D:4      | Reached skill level 5 in Fighting
  3252 | D:4      | Reached skill level 5 in Armour
  3252 | D:4      | Reached skill level 5 in Shields
  3252 | D:4      | Reached XP level 6. HP: 42/56 MP: 5/5
  3442 | D:4      | Found a blossoming altar of Fedhas.
  3640 | D:4      | Slain by a gnoll sergeant

Illustrated notes

Levels and vault maps discovered:
D:1:      sevenhm_arrival_forest_fort_large_2, layout_loops_corners,
          minivault_19, minivault_11
D:2:      kennysheep_six_static_rooms, layout_basic,
          dreamdust_ecumenical_altar_grove, serial_shops,
          nicolae_shop_industrial_runoff, nicolae_eternal_life
D:3:      layout_loops_corners, yredelemnul_altar_generic
D:4:      layout_basic, kennysheep_little_box, lemuel_doored_altar,
          lemuel_mausoleum_altar_kikubaaqudgha, serial_shops, shop

Skill      XL: |  1  2  3  4  5 |
---------------+----------------+-----
Fighting       | 4 5 |  5.1
Axes           | 3 4 |  4.4
Armour         | 4 5 |  5.2
Shields        | 4 5 |  5.1

Action                     |  1- 3 |  4- 6 || total
---------------------------+-------+-------++-------
  Melee: War axe           |    64 |   134 ||   198
         Headbutt          |     9 |    17 ||    26
    Use: Scroll            |     3 |       ||     3
 Armour: Scale mail        |    33 |    79 ||   112
  Dodge: Dodged            |    35 |    78 ||   113
  Block: Buckler           |    14 |    40 ||    54

Table legend: (Time is in decaauts)
 A = Elapsed time spent in this place.
 B = Non-inter-level travel time spent in this place.
 C = Inter-level travel time spent in this place.
 D = Time resting spent in this place.
 E = Time spent auto-exploring this place.
 F = Levels seen in this place.
 G = Mean time per level.
                   A        B        C        D        E       F      G
               +--------+--------+--------+--------+--------+-----+--------+
         Total |   3711 |   3576 |    135 |    190 |   2626 |   4 |  927.8 |
       Dungeon |   3711 |   3576 |    135 |    190 |   2626 |   4 |  927.8 |
               +--------+--------+--------+--------+--------+-----+--------+

Top non-repeatable levels by time:
     D:1: 1104 daAuts
     D:2: 1060 daAuts
     D:3: 984 daAuts
     D:4: 561 daAuts
